 Dungeon Crawl Stone Soup version 0.24.0-13-gcf9b319 (webtiles) character file.

Game seed: 14124333036683806721, levelgen mode: deterministic

17574 0gre the Basher (level 12, -16/92 HPs)
             Began as a Demonspawn Berserker on Mar 3, 2020.
             Was a High Priest of Trog.
             Demolished by a minotaur
             ... wielding an uncursed staff of power
              (20 damage)
             ... in a Gauntlet.
             The game lasted 01:12:20 (11723 turns).

0gre the Basher (Demonspawn Berserker)             Turns: 11723, Time: 01:12:22

Health: -16/92     AC: 15    Str: 26    XL:     12   Next: 20%
Magic:  12/12      EV: 11    Int: 13    God:    Trog [*****.]
Gold:   117        SH:  0    Dex: 15    Spells: 11/11 levels left

rFire    . . .     SeeInvis .   a - +5 morningstar (flame)
rCold    + + .     Gourm    .   (no shield)
rNeg     . . .     Faith    .   y - +1 scale mail {rC+}
rPois    .         Spirit   .   (helmet restricted)
rElec    .         Reflect  .   f - scarf {cloud immunity}
rCorr    .         Harm     .   V - +2 pair of gloves "Xalabiu" {Int+3}
MR       +....     NoTele   +   (boots unavailable)
Stlth    +.........             (no amulet)
HPRegen  0.25/turn              N - ring of protection from magic
MPRegen  0.13/turn              F - -3 ring of evasion

@: mighty, berserk cooldown, slowed, very slow
A: horns 1, talons 3, yellow scales 2, agile 1, cold resistance 1, powered by
death 1, spiny 1
a: Berserk, Trog's Hand, Brothers in Arms, Renounce Religion


You were in a Gauntlet.
You worshipped Trog.
Trog was extremely pleased with you.
You were not hungry.

You visited 1 branch of the dungeon, and saw 11 of its levels.
You also visited: Ossuary and Gauntlet.

You collected 601 gold pieces.
You spent 484 gold pieces at shops.

Inventory:

Hand Weapons
 a - a +5 morningstar of flaming (weapon)
 b - a +0 shortbow
 c - the +9 whip of Summer {freeze, -Tele Dex+4}
   (You found it on level 4 of the Dungeon)

   It has been specially enchanted to freeze those struck by it, causing extra
   injury to most foes and up to half again as much damage against particularly
   susceptible opponents.
   It can also slow down cold-blooded creatures.
   It affects your dexterity (+4).
   It prevents most forms of teleportation.
 d - a +0 great mace
 e - a +5 falchion
Missiles
 g - 273 arrows
 h - 8 boomerangs (quivered)
 i - 27 poisoned darts
 j - 200 stones
Armour
 f - a scarf of cloud immunity (worn)
 y - a +1 scale mail of cold resistance (worn)
 V - the +2 pair of gloves "Xalabiu" (worn) {Int+3}
   (You found it in a Gauntlet)

   It affects your intelligence (+3).
Jewellery
 n - an uncursed ring of ice
 F - a -3 ring of evasion (right hand)
 H - an uncursed ring of protection from cold
 K - an uncursed ring of wizardry
 M - an uncursed ring of positive energy
 N - a ring of protection from magic (left hand)
 P - a cursed -3 ring of evasion
 Q - a +2 ring of protection
 S - an uncursed ring of see invisible
 W - an uncursed ring of ice
Wands
 m - a wand of digging (12)
 o - a wand of polymorph (13)
 u - a wand of iceblast (13)
 x - a wand of acid (7)
 z - a wand of paralysis (10)
Scrolls
 q - 2 scrolls of magic mapping
 s - 8 scrolls of teleportation
 w - 4 scrolls of blinking
 J - a scroll of enchant armour
 O - 2 scrolls of enchant weapon
 R - 4 scrolls of identify
 T - a scroll of remove curse
 U - a scroll of fog
Potions
 k - 11 potions of curing
 l - 3 potions of brilliance
 p - a potion of invisibility
 t - 2 potions of ambrosia
 A - a potion of agility
 B - 2 potions of heal wounds
 C - 2 potions of haste
 D - 3 potions of mutation
 E - 2 potions of might
 G - a potion of resistance
 L - a potion of cancellation
Miscellaneous
 v - a fan of gales
Comestibles
 r - 24 rations


   Skills:
 + Level 8.1 Fighting
 + Level 6.3 Long Blades
 + Level 10.9 Maces & Flails
   Level 4.1(5.6) Slings
 + Level 2.3 Bows
 + Level 5.9(6.5) Throwing
 + Level 6.7 Armour
 + Level 6.0 Dodging
 + Level 2.1 Stealth
 + Level 1.1 Evocations


You had 11 spell levels left.
You didn't know any spells.
Your spell library contained the following spells:

 Spells                   Type           Power        Failure   Level  Hunger
 Corona                   Hex            #......      54%         1    ##.....
 Magic Dart               Conj           #...         54%         1    ##.....
 Shock                    Conj/Air       #...         54%         1    ##.....
 Sting                    Conj/Pois      #...         54%         1    ##.....
 Blink                    Tloc           N/A          69%         2    ###....
 Call Imp                 Summ           #.......     69%         2    ###....
 Poisonous Vapours        Pois/Air       #.....       69%         2    ###....
 Searing Ray              Conj           #.....       69%         2    ###....
 Slow                     Hex            #.......     69%         2    ###....
 Swiftness                Chrm/Air       #.......     69%         2    ###....
 Conjure Flame            Conj/Fire      #.......     89%         3    ####...
 Dazzling Spray           Conj/Hex       #.....       89%         3    ####...
 Inner Flame              Hex/Fire       #.......     89%         3    ####...
 Mephitic Cloud           Conj/Pois/Air  #.......     89%         3    ####...
 Portal Projectile        Hex/Tloc       #.....       89%         3    ####...
 Static Discharge         Conj/Air       #.......     89%         3    ####...
 Airstrike                Air            #.........   100%        4    #####..
 Cause Fear               Hex            #.........   100%        4    #####..
 Force Lance              Conj/Tloc      #.......     100%        4    #####..
 Fulminant Prism          Conj/Hex       #.........   100%        4    #####..
 Iskenderun's Mystic Bla  Conj           #.......     100%        4    #####..
 Leda's Liquefaction      Hex/Erth       #.........   100%        4    #####..
 Olgreb's Toxic Radiance  Pois           #.......     100%        4    #####..
 Lightning Bolt           Conj/Air       #.........   100%        5    ######.
 Venom Bolt               Conj/Pois      #.........   100%        5    ######.


Dungeon Overview and Level Annotations

Branches:
Dungeon (11/15)            Temple (0/1) D:4            Lair (0/6) D:9
Ossuary (visited)         Gauntlet (1/1)
    Orc: D:9-12

Altars:
Fedhas
Kikubaaqudgha
Makhleb
Nemelex Xobeh
Qazlal
Ru
Sif Muna
Xom
Zin

Shops:
D:5 ?   D:8 !   D:10 [   D:11 ?[[

Annotations:
Gauntlet 8 transporters


Innate Abilities, Weirdness & Mutations

You have claws for feet.
You are mostly covered in yellow scales. (AC +3)
You regenerate a little health from kills.
You are partially covered in sharp spines.
You have a pair of small horns on your head.
You are agile. (Dex +2)
Your flesh is cold resistant. (rC+)


Message History

The minotaur is moderately wounded.
The minotaur closely misses you.
The minotaur gores you but does no damage.
The minotaur barely misses you. The minotaur gores you.
* * * LOW HITPOINT WARNING * * *
You feel very mighty all of a sudden. The minotaur barely misses you.
The minotaur gores you.
* * * LOW HITPOINT WARNING * * *
You completely miss the minotaur.
The minotaur is moderately wounded.
The minotaur hits you with an uncursed staff of power!
* * * LOW HITPOINT WARNING * * *
The minotaur gores you but does no damage.
You sock the minotaur! You burn the minotaur. You claw the minotaur!
Your headbutt misses the minotaur.
The minotaur is severely wounded.
The minotaur barely misses you. The minotaur gores you.
* * * LOW HITPOINT WARNING * * *
The minotaur hits you with an uncursed staff of power!!
You die...

#§...#
###########....
#....##.####.8.
#.##.##..##≈...
#.##......##...
#######.##.##....#...
#≈≈≈#.#....##.©8.#...
#≈≈.#.#.##.##....#...
#≈∩H@.'(##....©8.#.8.
#≈≈.#.#.##.##....#...
#≈≈≈#.#....##.©8.#...
#######.##.##....#...
#.##......##...
#.##.##..##≈...
#....##.####.8. #####
#####.... #§...#


You could see a minotaur.

Vanquished Creatures
  A two-headed ogre (D:9)
  3 large abominations (Gauntlet)
  An orc knight (D:9)
  A moth of wrath (Gauntlet)
  The ghost of prawnwizard the Geomancer, a novice GrEE of Sif Muna (D:6)
  Joseph (D:7)
  2 gargoyles (D:11)
  A centaur skeleton (D:6)
  A kobold demonologist (D:6)
  3 trolls
  Prince Ribbit (D:7)
  A hornet (D:8)
  2 hippogriffs
  A vampire (D:11)
  2 wraiths (Ossuary)
  A shadow (D:9)
  3 redbacks (Gauntlet)
  15 yaks
  A basilisk (D:9)
  A hungry ghost (D:9)
  6 small abominations (Gauntlet)
  Menkaure (D:7)
  A soldier ant (D:11)
  2 water moccasins
  4 orc warriors
  A black bear (D:8)
  2 sky beasts
  A hornet zombie (D:11)
  4 ogres
  An eye of draining (D:11)
  6 ice beasts
  5 phantoms
  6 centaurs
  4 crocodiles
  7 bullfrogs
  A gnoll sergeant (D:8)
  A scorpion (D:9)
  6 killer bees (D:11)
  5 howler monkeys
  12 wights
  2 centaur zombies (D:7)
  9 crimson imps
  2 bullfrog zombies
  10 hounds
  8 jellies
  8 orc priests
  3 bullfrog skeletons
  Ijyb (D:4)
  Terence (D:3)
  2 iguanas
  12 orc wizards
  14 worker ants
  4 hound skeletons
  A worker ant zombie (D:11)
  11 gnolls
  8 adders
  3 shadow imps
  An adder skeleton (D:6)
  5 adder zombies
  4 worms
  2 dart slugs (D:1)
  7 leopard geckos
  31 orcs
  3 bats
  2 giant cockroaches (D:3)
  3 goblins
  11 hobgoblins
  18 jackals
  9 quokkas
  A ball python (D:2)
  5 frilled lizards
  3 hobgoblin zombies (Ossuary)
  A jackal skeleton (D:4)
  8 kobolds
  2 kobold zombies (Ossuary)
  2 orc skeletons (Ossuary)
  A quokka skeleton (D:4)
  A quokka zombie (D:4)
  4 rats
342 creatures vanquished.

Vanquished Creatures (others)
  9 demonic plants (Gauntlet)
  A fungus (Gauntlet)
  13 plants (Gauntlet)
23 creatures vanquished.

Grand Total: 365 creatures vanquished

Notes
Turn   | Place    | Note
-------+----------+-------------------------------------------
     0 | D:1      | 0gre the Demonspawn Berserker began the quest for the Orb.
     0 | D:1      | Reached XP level 1. HP: 18/18 MP: 1/1
   212 | D:1      | Gained mutation: You have sharp toenails. [demonic
                  | ancestry]
   212 | D:1      | Reached XP level 2. HP: 20/24 MP: 2/2
   220 | D:1      | Reached skill level 3 in Maces & Flails
   885 | D:2      | Found a sparkling altar of Nemelex Xobeh.
  1059 | D:2      | Reached ** piety under Trog
  1059 | D:2      | Reached XP level 3. HP: 29/29 MP: 3/3
  1093 | D:2      | Found a stormy altar of Qazlal.
  1113 | D:2      | Found a blossoming altar of Fedhas.
  1917 | D:3      | Reached skill level 1 in Slings
  1917 | D:3      | Gained mutation: You are partially covered in yellow
                  | scales. (AC +2) [demonic ancestry]
  1917 | D:3      | Reached XP level 4. HP: 14/35 MP: 4/4
  1939 | D:3      | HP: 1/35 [poisoned by a worker ant]
  2269 | D:3      | Noticed Terence
  2287 | D:3      | Killed Terence
  2287 | D:3      | Reached skill level 1 in Stealth
  2287 | D:3      | Reached XP level 5. HP: 17/41 MP: 5/5
  2882 | D:3      | Found an ancient bone altar of Kikubaaqudgha.
  2889 | D:3      | Found a sacrificial altar of Ru.
  3157 | D:3      | Reached skill level 1 in Long Blades
  3157 | D:3      | Reached skill level 1 in Throwing
  3159 | D:3      | Gained mutation: You regenerate a little health from kills.
                  | [demonic ancestry]
  3159 | D:3      | Reached XP level 6. HP: 40/47 MP: 6/6
  3449 | D:3      | Reached *** piety under Trog
  3585 | D:4      | Noticed Ijyb
  3623 | D:4      | Killed Ijyb
  4282 | D:4      | Reached skill level 4 in Maces & Flails
  4378 | D:4      | Gained mutation: You have razor-sharp toenails. [demonic
                  | ancestry]
  4378 | D:4      | Reached XP level 7. HP: 53/53 MP: 7/7
  4396 | D:4      | Found a staircase to the Ecumenical Temple.
  4404 | D:4      | Got a smoking whip
  4405 | D:4      | Identified the +9 whip of Summer {freeze, -Tele Dex+4} (You
                  | found it on level 4 of the Dungeon)
  4539 | D:4      | Noticed a hippogriff
  4544 | D:4      | Killed a hippogriff
  4848 | D:5      | Entered Level 5 of the Dungeon
  4920 | D:5      | Reached XP level 8. HP: 43/61 MP: 8/8
  4924 | D:5      | Reached skill level 5 in Maces & Flails
  4975 | D:5      | Found Ytoez's Magic Scroll Emporium.
  4989 | D:5      | Bought a scroll of magic mapping for 35 gold pieces
  4989 | D:5      | Bought a scroll of identify for 20 gold pieces
  4989 | D:5      | Bought a scroll of identify for 20 gold pieces
  4989 | D:5      | Bought a scroll of identify for 20 gold pieces
  4989 | D:5      | Bought a scroll of identify for 20 gold pieces
  4989 | D:5      | Bought a scroll of identify for 20 gold pieces
  4989 | D:5      | Bought a scroll of teleportation for 30 gold pieces
  5031 | D:5      | Found a sand-covered staircase.
  5055 | Ossuary  | Entered an ossuary
  5122 | Ossuary  | Reached **** piety under Trog
  5154 | Ossuary  | Noticed a flying skull
  5163 | Ossuary  | Noticed a flying skull
  5166 | Ossuary  | Noticed a flying skull
  5224 | Ossuary  | Noticed a flying skull
  5260 | Ossuary  | Reached skill level 5 in Fighting
  5597 | D:5      | Reached skill level 6 in Maces & Flails
  5802 | D:6      | Found a runed translucent gate.
  5803 | D:6      | Found a runed translucent gate.
  5803 | D:6      | Found a runed translucent gate.
  5803 | D:6      | Noticed a kobold demonologist
  5804 | D:6      | Noticed prawnwizard's ghost (novice GrEE)
  6083 | D:6      | Gained mutation: You are partially covered in sharp spines.
                  | [demonic ancestry]
  6083 | D:6      | Reached XP level 9. HP: 57/68 MP: 9/9
  6178 | D:6      | Found a burning altar of Makhleb.
  6178 | D:6      | Noticed a green death
  6187 | D:6      | Noticed an orange demon
  6371 | D:6      | Found a glowing silver altar of Zin.
  6631 | D:6      | Received a gift from Trog
  6774 | D:6      | Killed a kobold demonologist
  6785 | D:6      | Killed prawnwizard's ghost
  6785 | D:6      | Reached skill level 5 in Long Blades
  6785 | D:6      | Reached skill level 5 in Armour
  6876 | D:7      | Noticed Menkaure
  6886 | D:7      | Killed Menkaure
  6892 | D:7      | Gained mutation: You are mostly covered in yellow scales.
                  | (AC +3) [demonic ancestry]
  6892 | D:7      | Reached XP level 10. HP: 76/76 MP: 10/10
  6900 | D:7      | Reached ***** piety under Trog
  7172 | D:7      | Found a shimmering blue altar of Sif Muna.
  7211 | D:7      | Noticed Prince Ribbit
  7221 | D:7      | Killed Prince Ribbit
  7286 | D:7      | Reached skill level 1 in Bows
  7287 | D:7      | Noticed Joseph
  7305 | D:7      | Killed Joseph
  7387 | D:7      | Found a shimmering altar of Xom.
  8160 | D:8      | Received a gift from Trog
  8184 | D:8      | Reached skill level 7 in Maces & Flails
  8476 | D:8      | Found Zuemak's Distillery.
  8484 | D:8      | Bought a potion of heal wounds for 80 gold pieces
  8484 | D:8      | Bought a potion of might for 64 gold pieces
  8527 | D:8      | Paralysed by a hornet for 2 turns
  8941 | D:9      | Reached skill level 8 in Maces & Flails
  9067 | D:9      | Found a staircase to the Lair.
  9085 | D:9      | Gained mutation: You have claws for feet. [demonic
                  | ancestry]
  9085 | D:9      | Reached XP level 11. HP: 58/84 MP: 11/11
  9118 | D:9      | Reached skill level 5 in Dodging
  9136 | D:9      | Noticed a two-headed ogre
  9144 | D:9      | Killed a two-headed ogre
  9257 | D:9      | Received a gift from Trog
  9262 | D:9      | Noticed an orc knight
  9272 | D:9      | Killed an orc knight
  9272 | D:9      | Reached skill level 9 in Maces & Flails
  9275 | D:9      | Reached skill level 5 in Throwing
 10107 | D:10     | Entered Level 10 of the Dungeon
 10152 | D:10     | Found Tadethrec's Armour Shoppe.
 10188 | D:10     | Gained mutation: Your flesh is cold resistant. (rC+)
                  | [potion of mutation]
 10188 | D:10     | Gained mutation: You have a pair of small horns on your
                  | head. [potion of mutation]
 10188 | D:10     | Gained mutation: You are agile. (Dex +2) [potion of
                  | mutation]
 10284 | D:10     | Reached skill level 1 in Evocations
 10715 | D:11     | Found Cozif's Armour Shop.
 10799 | D:11     | Reached skill level 10 in Maces & Flails
 11032 | D:11     | Found Educom's Magic Scroll Shoppe.
 11040 | D:11     | Bought a scroll of magic mapping for 49 gold pieces
 11043 | D:11     | Bought a scroll of identify for 28 gold pieces
 11043 | D:11     | Bought a scroll of remove curse for 42 gold pieces
 11043 | D:11     | Bought a scroll of identify for 28 gold pieces
 11043 | D:11     | Bought a scroll of identify for 28 gold pieces
 11069 | D:11     | Found Giaxih's Antique Armour Shop.
 11131 | D:11     | Found a gate leading to a gauntlet.
 11140 | Gauntlet | Entered a Gauntlet
 11140 | Gauntlet | Found a transporter.
 11143 | Gauntlet | Found a transporter.
 11143 | Gauntlet | Noticed a purple ugly thing
 11144 | Gauntlet | Noticed a green ugly thing
 11145 | Gauntlet | Noticed a great orb of eyes
 11155 | Gauntlet | Found a transporter.
 11159 | Gauntlet | Found a transporter.
 11171 | Gauntlet | Noticed a catoblepas
 11176 | Gauntlet | Found a transporter.
 11189 | Gauntlet | Noticed a large abomination
 11190 | Gauntlet | Noticed a large abomination
 11190 | Gauntlet | Noticed a large abomination
 11191 | Gauntlet | Found a runed translucent gate.
 11192 | Gauntlet | Found a transporter.
 11192 | Gauntlet | Found a runed translucent gate.
 11193 | Gauntlet | Found a runed translucent gate.
 11195 | Gauntlet | Found a transporter.
 11199 | Gauntlet | Found a transporter.
 11230 | Gauntlet | Noticed a balrug
 11247 | Gauntlet | Found a transporter.
 11247 | Gauntlet | Found a transporter.
 11251 | Gauntlet | Found a transporter.
 11267 | Gauntlet | Noticed a ghost crab
 11281 | Gauntlet | Found a transporter.
 11356 | Gauntlet | Reached XP level 12. HP: 48/92 MP: 12/12
 11441 | Gauntlet | Received a gift from Trog
 11445 | Gauntlet | Got a pair of crude gloves
 11462 | Gauntlet | Identified the +2 pair of gloves "Xalabiu" {Int+3} (You
                  | found it in a Gauntlet)
 11713 | Gauntlet | Identified the +3 ring mail of Etsef {MR+ Regen+ rCorr
                  | Int-2}
 11713 | Gauntlet | Noticed a minotaur
 11723 | Gauntlet | HP: 4/92 [minotaur/uncursed staff of power (3)]
 11723 | Gauntlet | Demolished by a minotaur

Levels and vault maps discovered:
D:1:      psy_arrival_fountain, layout_loops_ring, serial_bayou,
          serial_bayou_lake_a, serial_bayou_pond_e, serial_bayou_shore_b,
          serial_bayou_lagoon_a, minmay_pentomino_z4
D:2:      layout_loops_corners, nemelex_xobeh_ov_fountains_minmay,
          grunt_temple_overflow_forces_of_nature, first_ration
D:3:      layout_basic, gammafunk_temple_overflow_pools, uniq_terence
D:4:      kennysheep_six_static_rooms, layout_basic, temple_hall, uniq_ijyb
D:5:      layout_rooms, chequers_ossuary_entry_cave, serial_shops,
          nicolae_shop_stone
D:6:      layout_loops_corners, lemuel_coloured_pillars_altar,
          makhleb_altar_promises_db, gammafunk_ghost_split
D:7:      layout_basic, brannock_xom_greatest_gift, serial_corexii_hall,
          corexii_hall_statues_i, corexii_hall_statues_l,
          corexii_hall_statues_i, grunt_ogre_cave, led_sif_pool, uniq_joseph,
          uniq_prince_ribbit1, uniq_menkaure
D:8:      layout_loops_ring, serial_shops, shop, grunt_ministairs_12
D:9:      minmay_the_grid_net [minmay_the_grid_armoury, minmay_the_grid_mess,
          minmay_the_grid_outer_circle, minmay_the_grid_tree,
          minmay_the_grid_minigrid_large, minmay_the_grid_prize_four_corners],
          layout_basic, david_lair_generic
D:10:     layout_roguey, serial_shops, nicolae_shop_statue_plus
D:11:     layout_cave_pods, gauntlet_entry_generic, serial_shops, shop,
          nicolae_shop_trees, kennysheep_mini_moat, minmay_stone_trees_small
Gauntlet: minmay_gauntlet_mixed_oops_all_seconds
          [minmay_gauntlet_arena_77_squiggly,
          nicolae_gauntlet_arena_flowing_pool,
          minmay_gauntlet_arena_77_hold_the_fort,
          gammafunk_gauntlet_arena_arrow_garden,
          minmay_gauntlet_arena_77_run_for_it, gammafunk_gauntlet_arena_hedges,
          gauntlet_exit_watery]

Skill      XL: |  1  2  3  4  5  6  7  8  9 10 11 12 |
---------------+-------------------------------------+-----
Dodging        | 2 3 4 5 6 |  6.0
Maces & Flails | 3 4 6 8 10 | 10.9
Armour         | 2 3 5 6 |  6.7
Slings         | 1 2 3 4 |  4.1
Stealth        | 1 2 |  2.1
Long Blades    | 1 2 5 6 |  6.3
Throwing       | 1 3 4 5 |  5.9
Fighting       | 4 5 6 7 8 |  8.1
Bows           | 2 |  2.3
Evocations     | 1 |  1.1

Action                   |  1- 3 |  4- 6 |  7- 9 | 10-12 || total
-------------------------+-------+-------+-------+-------++-------
Melee: Mace              |    90 |    14 |       |       ||   104
       Kick              |    13 |    31 |    83 |   117 ||   244
       Falchion          |       |    65 |    79 |    35 ||   179
       Flail             |       |    29 |       |       ||    29
       Whip              |       |       |   154 |    15 ||   169
       Morningstar       |       |       |       |   327 ||   327
       Headbutt          |       |       |       |    28 ||    28
 Fire: Hunting sling     |    21 |    36 |     4 |       ||    61
       Shortbow          |       |       |       |    21 ||    21
Throw: Stone             |    20 |       |       |       ||    20
       Boomerang         |       |     5 |    24 |    71 ||   100
Invok: Berserk           |     1 |     2 |     2 |     3 ||     8
       Trog's Hand       |       |       |       |     1 ||     1
Evoke: Wand              |       |       |     1 |     2 ||     3
  Use: Scroll            |     5 |     3 |     9 |    20 ||    37
       Potion            |       |       |       |     8 ||     8
 Stab: Sleeping          |       |     1 |       |       ||     1
  Eat: Chunk             |     3 |     6 |     7 |    10 ||    26
       Ration            |       |     1 |     1 |     4 ||     6
Armor: Leather armour    |    33 |    39 |       |       ||    72
       Animal skin       |     2 |       |       |       ||     2
       Scale mail        |       |     3 |    92 |   191 ||   286
Dodge: Dodged            |    71 |    64 |   110 |   155 ||   400
       Rpst.: Falchion   |       |     9 |    13 |     3 ||    25
